 Dungeon Crawl Stone Soup version 0.24-a0-471-g3302cd442e (webtiles) character file.

Game seed: 13190137885866717237

303 Kuinu the Skirmisher (level 6, -2/85 HPs)
             Began as a Minotaur Berserker on July 4, 2019.
             Was a Priest of Trog.
             Succumbed to poison (poison gas)
             ... on level 3 of the Dungeon.
             The game lasted 00:03:38 (2097 turns).

Kuinu the Skirmisher (Minotaur Berserker)           Turns: 2097, Time: 00:03:40

Health: -2/85      AC: 12    Str: 28    XL:     6   Next: 15%
Magic:  5/5        EV:  8    Int:  4    God:    Trog [***...]
Gold:   227        SH:  0    Dex: 10    Spells: 5/5 levels left

rFire    . . .     SeeInvis .   a - +0 hand axe
rCold    . . .     Gourm    .   (no shield)
rNeg     . . .     Faith    .   g - +0 plate armour
rPois    .         Spirit   .   (helmet restricted)
rElec    .         Reflect  .   (no cloak)
rCorr    .         Harm     .   p - +0 pair of gloves
MR       ++...                  (no boots)
Stlth    ..........             (no amulet)
HPRegen  1.24/turn              (no ring)
MPRegen  0.09/turn              (no ring)

@: berserking, lethally poisoned (-2 -> -78), starving, regenerating, very quick
A: retaliatory headbutt, horns 2
a: Berserk, Trog's Hand, Renounce Religion


You were on level 3 of the Dungeon.
You worshipped Trog.
Trog was most pleased with you.
You were starving.

You visited 1 branch of the dungeon, and saw 3 of its levels.
You also visited: Sewer.

You collected 227 gold pieces.

Inventory:

Hand Weapons
 a - a +0 hand axe (weapon)
Armour
 b - a +0 animal skin
 d - a +0 ring mail
 g - a +0 plate armour (worn)
 j - a +0 pair of gloves
 p - a +0 pair of gloves (worn)
Jewellery
 o - a +2 ring of evasion {unknown}
Scrolls
 i - a scroll of immolation
 m - 2 scrolls of identify {unknown}
 n - 3 scrolls of teleportation
Potions
 e - a potion of curing {unknown}
 f - a potion of haste {unknown}
 h - a potion of degeneration {unknown}
 k - a potion of berserk rage {unknown}
 l - a potion of brilliance {unknown}
Comestibles
 c - 6 rations


   Skills:
 * Level 5.7 Fighting
 * Level 5.5 Axes
 + Level 3.8 Armour
 + Level 3.5 Dodging


You had 5 spell levels left.
You didn't know any spells.
Your spell library was empty.

Dungeon Overview and Level Annotations

Branches:
Dungeon (3/15)

Altars:


Innate Abilities, Weirdness & Mutations

You reflexively headbutt those who attack you in melee.
You have a pair of horns on your head.


Message History

You are engulfed in poison gas.
You are more poisoned.
* * * LOW HITPOINT WARNING * * *
x2 You feel very sick.
Ijyb closely misses you. You furiously retaliate!
You headbutt Ijyb! You miss Ijyb. Your headbutt misses Ijyb.
Ijyb is almost dead.
You are engulfed in poison gas.
You are more poisoned.
* * * LOW HITPOINT WARNING * * *
x2 You feel very sick.
Unknown command.
You hit Ijyb.
You kill Ijyb!
Trog accepts your kill.
Your life force feels restored.
You are engulfed in poison gas.
You are more poisoned.
* * * LOW HITPOINT WARNING * * *
You die...

#####
....>.#######
#.[@ยงยงยง.#
#######.#
...######.#
#.........#
#####
...#####..#
#.... #..#
#.### .##
###..########.#
>..##
#......[...##.#
....
#.#..#####.##.#


There were no monsters in sight!

Vanquished Creatures
  A crocodile (Sewer)
  Ijyb (D:3)
  Terence (D:3)
  Robin (D:3)
  7 gnolls
  An adder (D:2)
  An ooze (D:2)
  A dart slug (D:1)
  6 leopard geckos
  8 bats
  4 giant cockroaches
  12 goblins
  10 hobgoblins
  4 jackals (D:1)
  A quokka (D:3)
  A ball python (D:2)
  6 frilled lizards
  6 kobolds
  8 rats
80 creatures vanquished.

Notes
Turn   | Place    | Note
-------+----------+-------------------------------------------
     0 | D:1      | Kuinu the Minotaur Berserker began the quest for the Orb.
     0 | D:1      | Reached XP level 1. HP: 19/19 MP: 0/0
     1 | D:1      | Noticed an electric eel
   108 | D:1      | Reached XP level 2. HP: 25/27 MP: 1/1
   524 | D:1      | Reached ** piety under Trog
   524 | D:1      | Reached XP level 3. HP: 32/33 MP: 2/2
  1257 | D:2      | Reached XP level 4. HP: 36/41 MP: 3/3
  1500 | D:3      | Noticed Robin
  1512 | D:3      | Killed Robin
  1572 | D:3      | Noticed Terence
  1582 | D:3      | Killed Terence
  1582 | D:3      | Reached skill level 5 in Fighting
  1582 | D:3      | Reached XP level 5. HP: 45/48 MP: 4/4
  1667 | D:3      | Reached skill level 5 in Axes
  1703 | D:3      | Found a glowing drain.
  1707 | D:3      | Reached *** piety under Trog
  1726 | Sewer    | Entered a sewer
  1765 | Sewer    | Noticed a crocodile
  1775 | Sewer    | Killed a crocodile
  1775 | Sewer    | Reached XP level 6. HP: 10/56 MP: 5/5
  2083 | D:3      | Noticed Ijyb
  2097 | D:3      | Killed Ijyb
  2097 | D:3      | HP: 3/85 [something (2)]
  2097 | D:3      | Succumbed to poison (poison gas)

Levels and vault maps discovered:
D:1:      arrival_aquarium_a, layout_loops_cross
D:2:      layout_basic, first_ration
D:3:      layout_loops_ring, portal_sewer_entry_f, kennysheep_pointless_box,
          uniq_ijyb, uniq_terence, uniq_robin

Skill      XL: |  1  2  3  4  5 |
---------------+----------------+-----
Fighting       | 4 5 |  5.7
Axes           | 4 5 |  5.5
Armour         | 3 |  3.8
Dodging        | 3 |  3.5

Action                   |  1- 3 |  4- 6 || total
-------------------------+-------+-------++-------
Melee: Hand axe          |   100 |   100 ||   200
       Headbutt          |     9 |    16 ||    25
Invok: Berserk           |       |     2 ||     2
       Trog's Hand       |       |     1 ||     1
  Use: Scroll            |       |     3 ||     3
  Eat: Chunk             |     1 |     3 ||     4
Armor: Ring mail         |     9 |       ||     9
       Plate armour      |    47 |    86 ||   133
Dodge: Dodged            |    54 |    47 ||   101

Table legend:
 A = Non-vault XP
 B = Vault XP
 C = Vault XP percentage of total XP
 D = Non-vault monster count
 E = Vault monster count
 F = Vault count percentage of total count
                 A         B        C        D         E       F
            +---------+---------+-------+---------+---------+-------
      Total |     205 |     228 |  52.7 |      61 |      19 |  23.8
            +---------+---------+-------+---------+---------+-------
        D:1 |      51 |       0 |   0.0 |      29 |       0 |   0.0
        D:2 |      90 |       0 |   0.0 |      22 |       0 |   0.0
        D:3 |      64 |     115 |  64.2 |      10 |      13 |  56.5
      Sewer |       0 |     113 | 100.0 |       0 |       6 | 100.0
            +---------+---------+-------+---------+---------+-------
